 Dungeon Crawl Stone Soup version 0.24.0-35-gdb84b6a5db (webtiles) character file.

Game seed: 1282773983327817539, levelgen mode: deterministic

324 night the Gusty (level 6, -4/50 HPs)
             Began as a Draconian Air Elementalist on Nov 17, 2019.
             Slain by Blork the orc
             ... wielding a +0 halberd
              (12 damage)
             ... on level 4 of the Dungeon.
             The game lasted 00:11:14 (4275 turns).

night the Gusty (Draconian Air Elementalist)        Turns: 4275, Time: 00:11:15

Health: -4/50      AC:  7    Str: 10    XL:     6   Next: 23%
Magic:  1/10       EV: 12    Int: 17    God:
Gold:   202        SH:  0    Dex: 12    Spells: 7/11 levels left

rFire    . . .     SeeInvis .   e - +1 spear
rCold    . . .     Gourm    .   (no shield)
rNeg     . . .     Faith    .   (armour unavailable)
rPois    .         Spirit   .   (helmet restricted)
rElec    .         Reflect  .   (no cloak)
rCorr    .         Harm     .   (no gloves)
MR       .....                  h - +0 pair of boots
Stlth    ++........             (no amulet)
HPRegen  0.16/turn              (no ring)
MPRegen  0.12/turn              (no ring)

@: very slightly contaminated
A: unfitting armour, cold-blooded, AC +6
a: no special abilities


You were on level 4 of the Dungeon.
You were hungry.

You visited 1 branch of the dungeon, and saw 4 of its levels.

You collected 202 gold pieces.

Inventory:

Hand Weapons
 d - a +2 dagger of holy wrath
 e - a +1 spear (weapon)
 o - a +0 dagger of speed
Missiles
 i - 13 poisoned darts (quivered)
Armour
 h - a +0 pair of boots (worn)
Wands
 l - a wand of random effects (4)
Scrolls
 k - a scroll of teleportation
 n - 3 scrolls of identify
 p - a scroll of enchant armour {unknown}
Potions
 a - 3 potions of brilliance
 f - a potion of invisibility {unknown}
 g - a potion of degeneration {unknown}
 j - a potion of heal wounds
 m - a potion of magic {unknown}
Comestibles
 b - 8 rations
 c - 3 chunks of flesh


   Skills:
 + Level 2.9 Fighting
 - Level 1.7 Dodging
 - Level 1.7 Stealth
 + Level 3.2 Spellcasting
 + Level 2.8 Conjurations
 + Level 5.0 Air Magic


You had 7 spell levels left.
You knew the following spells:

 Your Spells              Type           Power        Failure   Level  Hunger
a - Shock                 Conj/Air       ###.         3%          1    None
b - Static Discharge      Conj/Air       ###.....     11%         3    ###....

Your spell library contained the following spells:

 Spells                   Type           Power        Failure   Level  Hunger
 Swiftness                Chrm/Air       ##......     10%         2    ##.....
 Beastly Appendage        Tmut           #.....       17%         1    None
 Airstrike                Air            ###.......   22%         4    ####...
 Sticks to Snakes         Tmut           #.......     26%         2    ##.....
 Spider Form              Tmut/Pois      #.........   45%         3    ###....
 Lightning Bolt           Conj/Air       ###.......   67%         5    ######.
 Ice Form                 Ice/Tmut       #.......     86%         4    ####...
 Blade Hands              Tmut           #.........   99%         5    ######.


Dungeon Overview and Level Annotations

Branches:
Dungeon (4/15)
 Temple: D:4-7

Altars:
Okawaru
Xom
Zin

Annotations:
D:4 Blork the orc


Innate Abilities, Weirdness & Mutations

Your plain brown scales are hard. (AC +6)
You cannot fit into any form of body armour.
You are cold-blooded and may be slowed by cold attacks.


Message History

Something hits you.
Casting: Shock (safe; 3% risk of failure)
Confirm with . or Enter, or press ? or * to list all spells.
Aiming: Shock (safe; 3% risk of failure)
Press: ? - help, Shift-Dir - straight line Something hits you but does no damage.
You barely miss something. Something hits you.
You hear some strange, mumbled words.
A puff of flame appears from out of thin air!
The puff of flame hits you.
You miss something. Something hits you but does no damage.
You closely miss something. You tail-slap something. Something hits you!
* * * LOW HITPOINT WARNING * * *
Evoke which item? (* to show all) (? for menu, Esc to quit)
You don't have any such object.
Evoke which item? (* to show all) (? for menu, Esc to quit)
Aiming: Random Effects
Press: ? - help, Shift-Dir - straight line Nothing appears to happen.
Something hits you!
You die...

#.#
#.#
#.#
#.#
#.#
#.#
#)#
#@#
#.#
#.#
#.##
#..#
##.#
#.#
.♣
#.#
≈♣
#.#
≈.♣♣


There were no monsters in sight!

Vanquished Creatures
  An ogre (D:4)
  Jessica (D:3)
  Ijyb (D:3)
  2 orc wizards (D:4)
  A worker ant (D:4)
  5 adders
  An ooze (D:3)
  A dart slug (D:2)
  6 orcs
  6 bats
  3 giant cockroaches
  6 goblins
  11 hobgoblins
  A quokka (D:2)
  A ball python (D:1)
  6 frilled lizards
  4 kobolds (D:2)
  7 rats
64 creatures vanquished.

Vanquished Creatures (others)
  A rat (D:2)
1 creature vanquished.

Grand Total: 65 creatures vanquished

Notes
Turn   | Place    | Note
-------+----------+-------------------------------------------
     0 | D:1      | night the Draconian Air Elementalist began the quest for
                  | the Orb.
     0 | D:1      | Reached XP level 1. HP: 14/14 MP: 3/3
   299 | D:1      | Reached XP level 2. HP: 20/22 MP: 5/5
  1190 | D:2      | Reached skill level 1 in Fighting
  1198 | D:2      | Reached XP level 3. HP: 27/28 MP: 0/6
  1513 | D:2      | Found a shimmering altar of Xom.
  1514 | D:2      | Noticed an angel
  1517 | D:2      | Found a glowing silver altar of Zin.
  2034 | D:2      | Learned a level 3 spell: Static Discharge
  2055 | D:2      | Reached XP level 4. HP: 12/35 MP: 0/7
  2402 | D:3      | Reached skill level 4 in Air Magic
  2601 | D:3      | Noticed Ijyb
  2624 | D:3      | Noticed Jessica
  2626 | D:3      | Found an iron altar of Okawaru.
  3175 | D:3      | Killed Ijyb
  3197 | D:3      | Killed Jessica
  3350 | D:3      | Reached XP level 5. HP: 40/41 MP: 9/9
  3481 | D:3      | Found a faded altar of an unknown god.
  3582 | D:4      | Noticed an ogre
  3587 | D:4      | Killed an ogre
  3956 | D:4      | Reached XP level 6. HP: 48/50 MP: 6/10
  4087 | D:4      | Reached skill level 5 in Air Magic
  4257 | D:4      | Noticed Blork the orc
  4275 | D:4      | Slain by Blork the orc

Levels and vault maps discovered:
D:1:      mrwooster_arrival_arrow, layout_loops_corners, dk_noncrumbling_3,
          minmay_misc_feat_chi
D:2:      layout_basic, grunt_temple_overflow_order_and_chaos_1, first_ration,
          kennysheep_generic_room_13
D:3:      layout_rooms, chequers_ecumenical_altar_island,
          okawaru_metal_pillars_1_2, uniq_jessica, uniq_ijyb
D:4:      layout_loops_ring, serial_bayou, serial_bayou_pond_e,
          serial_bayou_shore_a, serial_bayou_pond_e, serial_bayou_pond_c,
          serial_bayou_crossing, serial_bayou_lagoon_a,
          minmay_a_box_with_orc_wizards_in_it, uniq_blork_the_orc

Skill      XL: |  1  2  3  4  5  6 |
---------------+-------------------+-----
Fighting       | 1 2 |  2.9
Air Magic      | 4 5 |  5.0
Conjurations   | 2 |  2.8
Spellcasting   | 3 |  3.2
Dodging        | |  1.7
Stealth        | |  1.7

Action                   |  1- 3 |  4- 6 || total
-------------------------+-------+-------++-------
Melee: Unarmed           |    14 |       ||    14
       Spear             |    44 |    55 ||    99
       Tailslap          |     2 |     4 ||     6
 Cast: Shock             |    67 |    49 ||   116
       Static Discharge  |     1 |     6 ||     7
Evoke: Wand              |       |     3 ||     3
  Use: Scroll            |       |     8 ||     8
       Potion            |       |     1 ||     1
 Stab: Sleeping          |     1 |     1 ||     2
       Confused          |       |     1 ||     1
  Eat: Chunk             |     4 |     8 ||    12
Armor: Skin              |    21 |    12 ||    33
Dodge: Dodged            |    40 |    25 ||    65
